 Dungeon Crawl Stone Soup version 0.20-a0-792-g09bcfd3 (webtiles) character file.

1590 4thArraOfDagon the Cleaver (level 8, -1/109 HPs)
             Began as a Minotaur Berserker on Feb 28, 2017.
             Was a Believer of Trog.
             Slain by an orc warrior
             ... wielding a +0 war axe
              (14 damage)
             ... on level 9 of the Dungeon.
             The game lasted 00:06:17 (1075 turns).

4thArraOfDagon the Cleaver (Minotaur Berserker)     Turns: 1075, Time: 00:06:18

Health: -1/109     AC: 11    Str: 29    XL:     8   Next: 61%
Magic:  7/7        EV:  9    Int:  7    God:    Trog [**....]
Gold:   171        SH:  0    Dex: 10    Spells: 7/7 levels left

rFire    . . .     SeeInvis +   a - +0 hand axe
rCold    . . .     Gourm    .   f - +0 chain mail
rNeg     . . .     Faith    .   (no shield)
rPois    .         Spirit   .   (helmet restricted)
rElec    .         Reflect  .   n - +0 cloak
rCorr    .         Harm     .   (no gloves)
MR       ++...                  (no boots)
Stlth    ..........             (no amulet)
Regen    1.3/turn               k - +3 ring of intelligence
MPRegen  0.1/turn               d - ring of see invisible

@: berserking (expiring), regenerating, very quick
A: retaliatory headbutt, horns 2
a: Berserk, Trog's Hand, Burn Spellbooks, Renounce Religion


You were on level 9 of the Dungeon.
You worshipped Trog.
Trog was pleased with you.
You were not hungry.

You visited 1 branch of the dungeon, and saw 9 of its levels.
You also visited: Ossuary.

You collected 171 gold pieces.

Inventory:

Hand Weapons
 a - a +0 hand axe (weapon)
Armour
 b - a +0 animal skin
 f - a +0 chain mail (worn)
 n - a +0 cloak (worn)
Jewellery
 d - a ring of see invisible (left hand)
 k - a +3 ring of intelligence (right hand)
Scrolls
 h - a scroll of acquirement {unknown}
 j - a scroll of enchant armour {unknown}
 l - 4 scrolls of identify {unknown}
 m - 3 scrolls of teleportation {unknown}
 o - a scroll of magic mapping {unknown}
 p - 4 scrolls of random uselessness {unknown}
 r - 5 scrolls of immolation {unknown}
 s - a scroll of noise {unknown}
 w - a scroll of enchant weapon {unknown}
Potions
 e - a potion of cancellation {unknown}
 g - 4 potions of mutation {unknown}
 i - a potion of heal wounds {unknown}
 q - 3 potions of degeneration {unknown}
 t - 2 potions of invisibility {unknown}
 u - a potion of flight {unknown}
 v - a potion of lignification {unknown}
Comestibles
 c - 5 bread rations


   Skills:
 + Level 7.3 Fighting
 * Level 10.0 Axes
 + Level 6.9 Armour
 - Level 2.1 Dodging


You had 7 spell levels left.
You didn't know any spells.

Dungeon Overview and Level Annotations

Branches:
Dungeon (9/15)
 Temple: D:4-7         Lair: D:8-11         Orc: D:9-12

Altars:
Nemelex Xobeh
Uskayaw

Shops:
D:4 (


Innate Abilities, Weirdness & Mutations

You reflexively headbutt those who attack you in melee.
You have a pair of horns on your head.


Message History

Trog accepts your kill.
You barely miss the orc priest.
The orc priest hits you but does no damage.
The orc warrior hits you but does no damage.
Unknown command.
Unknown command.
You hit the orc warrior.
The orc warrior is almost dead.
You slash the orc priest! You hit the big kobold.
Unknown command.
Unknown command.
Unknown command.
You hit the orc warrior. Your headbutt misses the orc warrior.
The orc warrior is almost dead.
You slash the big kobold! You hit the orc priest.
You kill the orc priest!
Trog accepts your kill.
The big kobold hits you but does no damage.
The orc warrior hits you with a war axe!
You die...

##.##............#
#.............#...
#.####'#...####...
#. ###'#........#+
+ #..........o...
#.....>........
##..............
#......oK†......
#......)@)......
#...........####
#...............
...####......####
#.. .......+ #.
###.....# ......#
.(....#


You could see an orc warrior, a big kobold and an orc.

Vanquished Creatures
  A two-headed ogre (D:9)
  A hippogriff (D:9)
  An ice beast (D:5)
  A centaur (D:5)
  A bullfrog (D:9)
  A scorpion (D:4)
  A centaur zombie (Ossuary)
  A jelly (D:8)
  2 orc priests
  A hound (D:5)
  2 orc wizards (D:4)
  Jessica (D:3)
  2 worker ants
  An iguana (D:6)
  A big kobold zombie (Ossuary)
  A hound skeleton (D:4)
  4 mummies (Ossuary)
  A howler monkey zombie (D:9)
  5 adders
  An adder skeleton (D:3)
  2 leopard geckos
  9 orcs
  A giant cockroach (D:3)
  A hobgoblin (D:3)
  2 kobolds
  2 quokkas
  3 bats
  A frilled lizard (D:3)
  A gnoll zombie (Ossuary)
  A goblin (D:2)
  2 goblin zombies (Ossuary)
  A hobgoblin zombie (Ossuary)
  2 kobold zombies (Ossuary)
  A quokka skeleton (D:4)
  A rat (D:3)
60 creatures vanquished.

Vanquished Creatures (others)
  A plant (D:8)
1 creature vanquished.

Grand Total: 61 creatures vanquished

Notes
Turn   | Place    | Note
-------+----------+-------------------------------------------
     0 | D:1      | 4thArraOfDagon the Minotaur Berserker began the quest for the Orb.
     0 | D:1      | Reached XP level 1. HP: 19/19 MP: 0/0
   106 | D:2      | Reached skill level 4 in Axes
   106 | D:2      | Reached XP level 2. HP: 27/27 MP: 1/1
   171 | D:3      | Noticed Jessica
   175 | D:3      | Killed Jessica
   175 | D:3      | Reached XP level 3. HP: 33/33 MP: 2/2
   289 | D:4      | Found a sparkling altar of Nemelex Xobeh.
   295 | D:4      | Reached skill level 5 in Axes
   295 | D:4      | Reached XP level 4. HP: 40/40 MP: 3/3
   318 | D:4      | Found Xeunnuim's Weapon Shoppe.
   340 | D:4      | Reached XP level 5. HP: 47/47 MP: 4/4
   458 | D:3      | Reached ** piety under Trog
   458 | D:3      | Reached skill level 6 in Axes
   547 | D:5      | Entered Level 5 of the Dungeon
   555 | D:5      | Noticed a centaur
   557 | D:5      | Found a sand-covered staircase.
   561 | D:5      | Reached skill level 5 in Fighting
   561 | D:5      | Reached XP level 6. HP: 49/56 MP: 5/5
   578 | D:5      | Noticed an ice beast
   619 | D:5      | Killed an ice beast
   619 | D:5      | Reached skill level 7 in Axes
   658 | Ossuary  | Entered an ossuary
   719 | Ossuary  | Reached XP level 7. HP: 59/61 MP: 6/6
   788 | Ossuary  | Reached skill level 5 in Armour
   972 | D:8      | Found a hide-covered altar of Uskayaw.
  1046 | D:9      | Reached skill level 8 in Axes
  1055 | D:9      | Noticed a hippogriff
  1062 | D:9      | Noticed a two-headed ogre
  1070 | D:9      | Killed a two-headed ogre
  1070 | D:9      | Reached skill level 9 in Axes
  1070 | D:9      | Reached XP level 8. HP: 17/73 MP: 7/7
  1073 | D:9      | Killed a hippogriff
  1073 | D:9      | Reached skill level 10 in Axes
  1075 | D:9      | Slain by an orc warrior

Vault maps used:
D:1:      scummos_arrival_hexagon
D:2:      lemuel_crystal_altar, serial_undead, serial_undead_b, serial_undead_c,
          serial_undead_e, serial_undead_f, serial_undead_a,
          grunt_dithmenos_smoke_and_mirrors
D:3:      nicolae_ru_path_of_blood, first_bread,
          chequers_ecumenical_altar_lobes, bh_walls_and_bars, uniq_jessica,
          uniq_terence
D:4:      nemelex_xobeh_ov_fountains_minmay, lemuel_crystal_altar, serial_shops,
          nicolae_shop_competitors_out_of_business, minmay_misc_feat_doors
D:5:      nicolae_overflow_crystal_walls, lightli_ossuary_entry_decrepit_ruins
D:7:      temple_green, grunt_livestock
D:8:      wad_woods_minihive, eat_drink_and_be_merry_uskayaw,
          david_lair_shrubbed, serial_shops, nicolae_shop_waterfront
D:9:      serial_shops, nicolae_shop_behind_doors
Ossuary:  ossuary_crypta

Skill      XL: |  1  2  3  4  5  6  7  8 |
---------------+-------------------------+-----
Fighting       | 4 5 7 |  7.3
Axes           | 4 5 6 7 9 10 | 10.0
Armour         | 3 4 6 |  6.9
Dodging        | |  2.1

Action                   |  1- 3 |  4- 6 |  7- 9 || total
-------------------------+-------+-------+-------++-------
Melee: Hand axe          |    15 |    59 |    26 ||   100
       Headbutt          |     1 |    18 |     8 ||    27
Invok: Berserk           |     2 |     4 |     3 ||     9
       Trog's Hand       |       |     2 |     1 ||     3
  Eat: Chunk             |       |     4 |     1 ||     5
       Royal jelly       |       |       |     2 ||     2
Armor: Animal skin       |     2 |       |       ||     2
       Chain mail        |     9 |    35 |    25 ||    69
Dodge: Dodged            |    18 |    31 |    18 ||    67
